cohdb
Replays
Latest Replays
All Replays
Popular Replays
Top Player Replays
Match Explorer
How It Works
Community
CoH3 Stats
Reddit
Sign in to upload your games and track your stats! →
Sign in with Steam
Match 40438764
Unlisted
Match 40438764
Overview
Messages
Build Orders
End
Selects Armored Support Battlegroup
Panzergrenadier Squad
Panzergrenadier Squad
Construct Light Support Kompanie
Fire Support Elements
Combat Half-tracks
Selects Superior Fire Drills
Flakvierling Half-track
le.IG 18 Mechanized Group
Pak 38 Anti-tank Gun Team
Flakvierling Half-track
2.5-tonne Medical Truck
Veteran Squad Leaders
Vehicle Survival Package
Selects Salvage Kits
le.IG 18 Mechanized Group
Construct Panzerarmee Kommand
Tungsten Core Ammunition
Selects Panzer Storm
Panzer III L Medium Tank
Panzer III L Medium Tank
Panzer III L Medium Tank
Armored Reserves
Emergency Repair Kits
Tiger Heavy Tank
Selects Stuka Anti-tank Loiter
Stuka Anti-tank Loiter
Construct Mechanized Kompanie
Rapid Advance
Panzer IV Assault Group
Stuka Anti-tank Loiter
Tiger Heavy Tank
18-tonne Recovery Half-track
ProjectGemini07
想看看你的大g
JR1
Rubee
Eisenzwerg
帝国师-大护法
寻欢
Chakal16
0
0
Comments
sign in to comment!
No comments posted yet!